 Dungeon Crawl Stone Soup version 0.26-a0-466-g989023bd0d (webtiles) character file.

Game seed: 3520913393274009216

487243 gruber the Tycoon (level 24, -1/191 HPs)
             Began as a Gnoll Wanderer on Aug 13, 2020.
             Was an Initiate of Gozag.
             Slain by a rakshasa
             ... wielding a +1 vampiric long sword
              (9 damage)
             ... while paralysed by a vampire knight
             ... on level 3 of the Depths.
             The game lasted 02:08:42 (69029 turns).

gruber the Tycoon (Gnoll Wanderer)                 Turns: 69029, Time: 02:08:42

Health: -1/191     AC: 40    Str: 19    XL:     24   Next: 65%
Magic:  29/43      EV:  2    Int: 29    God:    Gozag
Gold:   15543      SH:  0    Dex: 33    Spells: 17/55 levels left

rFire    + . .     SeeInvis .   l - +8 morningstar of Qiduteputa {freeze, Int+4}
rCold    + + +     Faith    .   J - +3 buckler "Sitez" {rC++}
rNeg     + . .     Spirit   .   Z - +10 pearl dragon scales
rPois    .         Reflect  +   G - +2 hood of the Assassin {Detection Stab+ Stlth++}
rElec    +         Harm     .   W - +1 cloak of Starlight {rElec rC+ EV+4 Stlth--}
rCorr    +                      I - +1 pair of gloves of the Bulwark {Dex+6}
MR       +....                  p - +0 pair of boots of the Beginning {rCorr Slay+2}
Stlth    ++++++....             y - amulet of reflection
HPRegen  0.41/turn              s - ring "Amecwut" {rF+ rC+ Str+4 Dex+3}
MPRegen  0.28/turn              R - ring "Jeachanau" {rElec AC+4 Dex+8}

@: paralysed, gold aura
A: distributed training, fangs 1, strong nose
}: 3/15 runes: decaying, silver, gossamer
a: Potion Petition, Call Merchant, Bribe Branch, Renounce Religion


You were on level 3 of the Depths.
You worshipped Gozag.
Gozag was extremely pleased with you.
You visited 8 branches of the dungeon, and saw 40 of its levels.
You visited the Abyss 1 time.
You also visited: Volcano.

You collected 25007 gold pieces.
You spent 5405 gold pieces at shops.
You paid 4059 gold pieces to Gozag.

Inventory:

Hand Weapons
 l - the +8 morningstar of Qiduteputa (weapon) {freeze, Int+4}
   (You took it off an ironheart preserver on level 5 of the Vaults)

   It has been specially enchanted to freeze those struck by it, causing extra
   injury to most foes and up to half again as much damage against particularly
   susceptible opponents.
   It can also slow down cold-blooded creatures.
   It affects your intelligence (+4).
 w - the +9 hand axe "Emohowi" {protect, Dex+4}
   (You found it on level 4 of the Dungeon)

   It grants its wielder temporary protection when it strikes (+7 to AC).
   It affects your dexterity (+4).
Missiles
 g - 24 javelins (quivered)
 N - 9 curare-tipped darts
Armour
 d - the cursed +0 tower shield "Lyuskong" {rC+ MR+ Regen+ Stlth+}
   (You found it on level 3 of the Vaults)

   It protects you from cold.
   It affects your resistance to hostile enchantments.
   It increases your rate of regeneration.
   It makes you more stealthy.
   It has a curse placed upon it.
 p - the +0 pair of boots of the Beginning (worn) {rCorr Slay+2}
   (You bought it in a shop on level 13 of the Dungeon)

   It affects your accuracy and damage with ranged weapons and melee attacks
   (+2).
   It provides partial protection from all sources of acid and corrosion.
 G - the +2 hood of the Assassin (worn) {Detection Stab+ Stlth++}
   (You bought it in a shop on level 2 of the Depths)

   It makes you much more stealthy.
 I - the +1 pair of gloves of the Bulwark (worn) {Dex+6}
   (You found it on level 11 of the Dungeon)

   It affects your dexterity (+6).
 J - the +3 buckler "Sitez" (worn) {rC++}
   (You bought it in a shop on level 13 of the Dungeon)

   It greatly protects you from cold.
 W - the +1 cloak of Starlight (worn) {rElec rC+ EV+4 Stlth--}
   (You bought it in a shop on level 13 of the Dungeon)

   It affects your evasion (+4).
   It protects you from cold.
   It insulates you from electricity.
   It makes you much less stealthy.
 Z - +10 pearl dragon scales (worn)
Jewellery
 s - the ring "Amecwut" (left hand) {rF+ rC+ Str+4 Dex+3}
   (You acquired it on level 5 of the Dungeon)

   [ring of strength]

   It affects your strength (+4).
   It affects your dexterity (+3).
   It protects you from fire.
   It protects you from cold.
 v - an uncursed ring of wizardry
 y - an amulet of reflection (around neck)
 E - an uncursed ring of magical power
 R - the ring "Jeachanau" (right hand) {rElec AC+4 Dex+8}
   (You bought it in a shop on level 2 of the Orcish Mines)

   [ring of protection]

   It affects your AC (+4).
   It affects your dexterity (+8).
   It insulates you from electricity.
 V - an uncursed ring of poison resistance
Wands
 c - a wand of clouds (8)
 f - a wand of acid (49)
 k - a wand of paralysis (20)
 M - a wand of iceblast (31)
 U - a wand of disintegration (24)
 X - a wand of digging (9)
Scrolls
 e - 5 scrolls of blinking
 h - 3 scrolls of amnesia
 j - 20 scrolls of remove curse
 o - 10 scrolls of fog
 x - 13 scrolls of teleportation
 z - 3 scrolls of enchant armour
 B - 7 scrolls of magic mapping
 C - 2 scrolls of brand weapon
 F - 4 scrolls of silence
 K - 9 scrolls of fear
 L - 19 scrolls of identify
 O - a scroll of holy word
 Q - 4 scrolls of summoning
 S - 5 scrolls of enchant weapon
Potions
 a - 8 potions of mutation
 b - 6 potions of curing
 i - 7 potions of heal wounds
 m - 3 potions of magic
 n - 6 potions of stabbing
 q - 5 potions of haste
 r - 4 potions of ambrosia
 t - 2 potions of invisibility
 u - 3 potions of berserk rage
 A - 5 potions of might
 D - 3 potions of resistance
 H - 8 potions of brilliance
 P - 2 potions of lignification
 T - 6 potions of flight
 Y - 5 potions of cancellation


   Skills:
 + Level 15.8 Fighting
 + Level 15.8 Short Blades
 + Level 15.8 Long Blades
 + Level 15.8 Axes
 + Level 15.8 Maces & Flails
 + Level 15.8 Polearms
 + Level 15.8 Staves
 + Level 15.8 Slings
 + Level 15.8 Bows
 + Level 15.8 Crossbows
 + Level 16.0 Throwing
 + Level 15.8 Armour
 + Level 16.3 Dodging
 + Level 16.0 Stealth
 + Level 15.8 Shields
 + Level 15.8 Unarmed Combat
 + Level 16.0 Spellcasting
 + Level 13.6 Conjurations
 + Level 13.6 Hexes
 + Level 13.6 Summonings
 + Level 13.6 Necromancy
 + Level 13.6 Translocations
 + Level 13.6 Transmutations
 + Level 13.6 Fire Magic
 + Level 13.6 Ice Magic
 + Level 13.6 Air Magic
 + Level 13.6 Earth Magic
 + Level 15.0 Poison Magic
 + Level 17.0 Invocations
 + Level 16.0 Evocations


You had 17 spell levels left.
You knew the following spells:

 Your Spells              Type           Power        Failure   Level
a - Sting                 Tmut/Pois      ####         0%          1
b - Poisonous Vapours     Pois/Air       ######       1%          2
c - Olgreb's Toxic Radia  Pois           #######.     1%          4
d - Ignite Poison         Fire/Tmut/Pois #######.     1%          3
e - Mephitic Cloud        Conj/Pois/Air  #######.     1%          3
f - Airstrike             Air            #######...   1%          4
g - Frozen Ramparts       Ice            ######       1%          3
h - Lightning Bolt        Conj/Air       #######...   1%          5
i - Blink                 Tloc           N/A          1%          2
j - Metabolic Englaciati  Hex/Ice        #######...   1%          5
k - Ozocubu's Refrigerat  Ice            #######...   2%          6

Your spell library contained the following spells:

 Spells                   Type           Power        Failure   Level
 Animate Skeleton         Necr           ######       1%          1
 Apportation              Tloc           ######       1%          1
 Corona                   Hex            #######      1%          1
 Foxfire                  Conj/Fire      ####         1%          1
 Freeze                   Ice            ####         1%          1
 Sandblast                Erth           ######       1%          1
 Shock                    Conj/Air       ####         1%          1
 Summon Small Mammal      Summ           ####         1%          1
 Call Imp                 Summ           #######.     1%          2
 Ensorcelled Hibernation  Hex/Ice        ######       1%          2
 Passwall                 Tmut/Erth      #######.     1%          2
 Swiftness                Air            #######.     1%          2
 Call Canine Familiar     Summ           #######.     1%          3
 Confusing Touch          Hex            #######.     1%          3
 Conjure Flame            Conj/Fire      #######.     1%          3
 Dazzling Flash           Conj/Hex       ######       1%          3
 Gell's Gravitas          Tloc           #######...   1%          3
 Lesser Beckoning         Tloc           #######...   1%          3
 Ozocubu's Armour         Ice            #######.     1%          3
 Spider Form              Tmut/Pois      #######...   1%          3
 Static Discharge         Conj/Air       #######.     1%          3
 Summon Guardian Golem    Hex/Summ       #######.     1%          3
 Teleport Other           Tloc           #######.     1%          3
 Tukima's Dance           Hex            #######.     1%          3
 Cause Fear               Hex            #######...   1%          4
 Hailstorm                Conj/Ice       #######.     1%          4
 Ice Form                 Ice/Tmut       #######.     1%          4
 Passage of Golubria      Tloc           N/A          1%          4
 Petrify                  Tmut/Erth      #######.     1%          4
 Sticky Flame             Conj/Fire      #######.     1%          4
 Summon Ice Beast         Ice/Summ       #######.     1%          4
 Summon Lightning Spire   Summ/Air       #######.     1%          4
 Bolt of Magma            Conj/Fire/Erth #######...   1%          5
 Fireball                 Conj/Fire      #######...   1%          5
 Irradiate                Conj/Tmut      #######...   1%          5
 Silence                  Hex/Air        #######...   1%          5
 Summon Demon             Summ           #######...   1%          5
 Summon Forest            Summ/Tloc      #######...   1%          5
 Summon Mana Viper        Hex/Summ       #######.     1%          5
 Yara's Violent Unravell  Hex/Tmut       #######...   1%          5
 Conjure Ball Lightning   Conj/Air       #######...   2%          6
 Freezing Cloud           Conj/Ice/Air   #######...   2%          6
 Shadow Creatures         Summ           N/A          2%          6
 Simulacrum               Ice/Necr       #######...   2%          6
 Starburst                Conj/Fire      #######...   2%          6
 Statue Form              Tmut/Erth      #######..    2%          6
 Malign Gateway           Summ/Tloc      #######...   16%         7
 Monstrous Menagerie      Summ           #######...   16%         7
 Summon Greater Demon     Summ           #######...   16%         7
 Summon Hydra             Summ           #######...   16%         7
 Controlled Blink         Tloc           N/A          75%         8
 Discord                  Hex            #######...   75%         8
 Ignition                 Fire           #######...   75%         8
 Summon Horrible Things   Summ           #######...   75%         8
 Shatter                  Erth           #######...   100%        9
 Tornado                  Air            #######...   100%        9


Dungeon Overview and Level Annotations

Branches:
Dungeon (15/15)            Temple (1/1) D:5            Lair (6/6) D:11
  Swamp (4/4) Lair:3       Spider (4/4) Lair:4        Slime (0/5) Lair:6
    Orc (2/2) D:12            Elf (0/3) Orc:2        Vaults (5/5) D:13
  Crypt (0/3) Vaults:2     Depths (3/5) D:15        Volcano (visited)

Altars:
Ashenzari
Cheibriados
Dithmenos
Elyvilon
Fedhas
Gozag
Hepliaklqana
Kikubaaqudgha
Makhleb
Nemelex Xobeh
Okawaru
Qazlal
Ru
Sif Muna
Trog
Uskayaw
Vehumet
Wu Jian
Xom
The Shining One
Beogh

Shops:
D:5 *   D:13 [[(   Orc:2 ?=!?   Depths:2 [

Portals:
Hell: Depths:1 Depths:2 Depths:3
Abyss: Depths:1 Depths:2
Trove: D:12 (give 12 potions of heal wounds)


Innate Abilities, Weirdness & Mutations

Your experience applies equally to all skills.
You have very sharp teeth.
Your uncanny sense of smell can sniff out nearby items.


Message History

The rakshasa hits you but does no damage.
Something hits you but does no damage. Something bites you but does no damage.
The fire giant hits you but does no damage.
The rakshasa hits you but does no damage.
The fire giant hits you with a +1 great sword of flaming!!
* * * LOW HITPOINT WARNING * * *
The fire giant burns you.
* * * LOW HITPOINT WARNING * * *
The rakshasa hits you but does no damage.
You hear a shout!
Unholy energy fills the air.
* * * LOW HITPOINT WARNING * * *
The fire giant hits you with a +1 great sword of flaming!
* * * LOW HITPOINT WARNING * * *
The fire giant burns you.
* * * LOW HITPOINT WARNING * * *
Something hits you but does no damage. Something bites you but does no damage.
The rakshasa hits you with a +1 vampiric long sword!
You die...
Your body crumbles into a pile of gold.

.......# #####..# #..#
#..# $ #..# # { ##.#
..# $ ### #.####..# ###
..# #....###..##C(# #.#
####...###R@### ###{
..#
###...###{.###.######.#
###...###'(.........# $
###...####.######.#
###....###......#
#.##...###.##.#
#.####...###..## #.#
###...###'#. ..#####.#
###.......


You could see a fire giant and a rakshasa.

Vanquished Creatures
  Saint Roka (Vaults:3)
  3 golden dragons (Vaults:5)
  Nikola (Spider:1)
  Arachne (Spider:2)
  The ghost of Norharag the Warrior, an adept HuBe of Trog (Vaults:1)
  4 liches
  The ghost of Vileos the Pannier, an adept DsGl of Nemelex Xobeh (Vaults:3)
  A tentacled monstrosity (Vaults:5)
  Rupert (Lair:5)
  2 quicksilver dragons (Vaults:5)
  A deep elf blademaster (Vaults:3)
  The ghost of Faethron the Warrior, an adept FoFi of Gozag (Swamp:3)
  A deep elf master archer (Vaults:3)
  6 titans
  A tentacled starspawn (Abyss:2)
  3 sphinxes
  A storm dragon (Vaults:5)
  4 tengu reavers
  2 thorn hunters
  Roxanne (Swamp:2)
  Donald (Vaults:1)
  A revenant (Vaults:2)
  4 fire giants
  10 frost giants
  An iron dragon (Vaults:5)
  6 ghost moths
  3 orc warlords
  20 vault wardens
  4 emperor scorpions
  3 deep elf sorcerers (Vaults:1)
  Louise (Swamp:1)
  Aizul (Depths:1)
  A ghost moth (shapeshifter) (Vaults:5)
  2 spriggan defenders (Depths:3)
  22 ironheart preservers
  2 war gargoyles (Vaults:5)
  14 stone giants
  11 very ugly things
  2 dire elephants (Depths:2)
  5 deep elf demonologists
  A vampire knight (Depths:3)
  2 entropy weavers
  2 deep elf annihilators
  A minotaur (Vaults:3)
  6 deep elf death magi
  7 spark wasps
  10 ettins
  13 fire dragons
  2 eidola
  Snorg (D:14)
  The ghost of Tised the Slicer, a journeyman DsBr of Fedhas (Lair:3)
  3 rakshasas
  14 yaktaur captains
  45 vault guards
  7 great orbs of eyes
  3 deep elf high priests (Vaults:5)
  A naga warrior (Vaults:3)
  5 spriggan air magi
  17 hydras
  2 catoblepae
  13 ice dragons
  10 centaur warriors
  6 shambling mangroves
  A ghost crab (Swamp:3)
  60 two-headed ogres
  2 tengu warriors
  5 death knights
  17 ogre magi
  4 deep troll shamans
  16 alligators
  6 deep troll earth magi
  4 spriggan berserkers (Depths:2)
  A thrashing horror (Abyss:2)
  2 orc high priests
  8 deep elf knights
  A sun demon (Volcano)
  17 spriggans
  Sonja (Lair:2)
  4 wretched stars (Abyss:2)
  An iron troll (Depths:1)
  8 hell knights
  A fire crab (Depths:1)
  2 death drakes (shapeshifter)
  8 unseen horrors
  A shadow wraith (Vaults:3)
  A glowing orange brain (Vaults:4)
  A skeletal warrior (Vaults:2)
  20 deep trolls
  2 spriggan druids
  8 swamp dragons
  2 flayed ghosts
  Pikel (D:7)
  9 wizards
  A phantasmal warrior (Vaults:5)
  15 ironbrand convokers
  2 lindwurms (Depths:1)
  6 necromancers
  12 deep elf archers
  10 wolf spider zombies (Spider:1)
  2 harpies (shapeshifter)
  16 orc knights
  29 ugly things
  A mana viper (shapeshifter) (D:14)
  4 cyclopes
  A cyclops (shapeshifter) (Vaults:5)
  26 wolf spiders
  A salamander (shapeshifter) (Vaults:3)
  23 deep elf magi
  3 oklob plants
  3 manticores
  2 fauns (shapeshifter)
  A fire giant zombie (Depths:2)
  18 orb spiders
  3 orc sorcerers
  2 moths of wrath (Spider:2)
  11 elephants
  A stone giant skeleton (Depths:2)
  An orange demon (Abyss:2)
  A black mamba (Lair:5)
  15 vault sentinels
  2 centaur zombies
  2 naga magi
  3 molten gargoyles
  A gargoyle (Volcano)
  A torpor snail (Spider:4)
  17 cane toads
  A komodo dragon (shapeshifter) (Vaults:1)
  37 yaktaurs
  2 rime drakes
  21 demonic crawlers
  A tormentor (Abyss:2)
  8 redback zombies (Spider:1)
  4 komodo dragons
  A spriggan skeleton (Depths:2)
  3 ancient zymes (Abyss:2)
  9 freezing wraiths
  A red devil (Volcano)
  6 trolls
  A tengu conjurer (Depths:3)
  8 tyrant leeches
  19 jumping spiders
  27 slime creatures
  4 polar bears (Lair:6)
  9 bog bodies
  3 meliai (D:15)
  26 hornets
  19 blink frogs
  A wind drake (shapeshifter) (Vaults:1)
  7 hippogriffs
  12 large abominations
  14 tarantella zombies (Spider:1)
  A blink frog (shapeshifter) (D:14)
  A frost giant simulacrum (Vaults:1)
  7 dream sheep
  4 raiju (Abyss:2)
  A fire giant simulacrum (Abyss:2)
  2 dream sheep (shapeshifter)
  A stone giant simulacrum (Vaults:2)
  A spriggan zombie (Depths:2)
  3 starcursed masses (Abyss:2)
  A shadow (Swamp:4)
  Sigmund (D:2)
  23 tarantellas
  59 redbacks
  34 yaks
  6 wraiths
  A yak (shapeshifter) (Vaults:1)
  5 fire bats
  A ynoxinul (Abyss:2)
  3 humans (shapeshifter)
  2 water elementals (Depths:2)
  5 basilisks
  4 wyverns
  A human (D:12)
  A steam dragon (Lair:5)
  7 small abominations
  2 fire elementals (Depths:1)
  16 vampire mosquitoes
  A chaos spawn (Depths:1)
  3 swamp worm simulacra (Swamp:4)
  A neqoxec (Abyss:2)
  Menkaure (D:4)
  12 insubstantial wisps
  10 wargs
  An elf skeleton (Depths:2)
  A soldier ant (D:12)
  3 acid dragons
  16 hydra simulacra (Swamp:4)
  13 swamp worms
  15 water moccasins
  2 water moccasins (shapeshifter)
  A hell hound (Volcano)
  2 floating eyes
  A porcupine (shapeshifter) (Vaults:3)
  10 porcupines
  40 orc warriors
  An eye of draining (shapeshifter) (Depths:2)
  2 sky beasts
  7 black bears
  3 phantoms
  8 swamp drakes
  4 ice beasts
  An ettin simulacrum (Vaults:1)
  An eye of draining (Abyss:2)
  58 ogres
  13 boggarts
  22 wolves
  6 centaurs
  A centaur (shapeshifter) (Vaults:3)
  11 crocodiles
  3 big kobolds
  A lemure (D:7)
  A big kobold (shapeshifter) (Vaults:1)
  A gnoll sergeant (D:6)
  18 bullfrogs
  2 wyvern zombies
  An ogre simulacrum (Vaults:1)
  A water moccasin zombie (D:6)
  A scorpion (D:14)
  11 killer bees
  8 howler monkeys
  20 wights
  5 electric eels
  A bullfrog zombie (D:5)
  5 lava snakes
  A quasit (D:9)
  A wyvern simulacrum (D:12)
  5 hounds
  10 jellies
  24 orc priests
  3 bullfrog skeletons
  5 centaur skeletons
  3 iguanas
  An iron imp (Abyss:2)
  18 orc wizards
  9 worker ants
  2 hound skeletons
  A worker ant zombie (D:9)
  16 adders
  7 gnolls
  A shadow imp (D:6)
  4 white imps
  6 ufetubi
  16 oozes (Lair:4)
  5 swamp drake simulacra (Swamp:4)
  An adder skeleton (D:7)
  3 worms
  2 dart slugs
  3 leopard geckos
  89 orcs
  5 giant cockroaches
  6 goblins
  4 hobgoblins
  12 jackals
  16 kobolds
  4 quokkas
  2 ball python skeletons (D:4)
  4 bats
  4 frilled lizards
  A jackal skeleton (D:7)
  A jackal zombie (D:5)
  A quokka skeleton (D:3)
  2 quokka zombies
  7 rats
  2 fungi
  A plant (Lair:4)
  A starspawn tentacle (Abyss:2)
1869 creatures vanquished.

Vanquished Creatures (collateral kills)
  A spriggan (Depths:3)
1 creature vanquished.

Vanquished Creatures (others)
  An ironheart preserver (Vaults:5)
  A fire dragon (Depths:3)
  A dancing weapon (Vaults:5)
  A shadow wraith (Vaults:5)
  2 hornets
  4 fungi
  3 plants
  5 starspawn tentacles (Abyss:2)
18 creatures vanquished.

Grand Total: 1888 creatures vanquished

Notes
Turn   | Place    | Note
-------+----------+-------------------------------------------
     0 | D:1      | gruber the Gnoll Wanderer began the quest for the Orb.
     0 | D:1      | gruber set off with the following items: a +0 dagger, a
                  | potion of curing, a wand of random effects (15), a +0 robe;
                  | and the following spell memorised: Sting; and the following
                  | spells available to memorise: Poisonous Vapours, Olgreb's
                  | Toxic Radiance, Ignite Poison, Mephitic Cloud
     0 | D:1      | Reached XP level 1. HP: 13/13 MP: 4/4
   179 | D:1      | Reached XP level 2. HP: 17/19 MP: 1/5
   933 | D:1      | Reached XP level 3. HP: 25/25 MP: 5/7
  1222 | D:2      | Reached skill level 1 in Invocations
  1226 | D:2      | Learned a level 2 spell: Poisonous Vapours
  1591 | D:2      | Reached skill level 1 in Fighting
  1591 | D:2      | Reached skill level 1 in Short Blades
  1591 | D:2      | Reached skill level 1 in Long Blades
  1591 | D:2      | Reached skill level 1 in Axes
  1591 | D:2      | Reached skill level 1 in Maces & Flails
  1591 | D:2      | Reached skill level 1 in Polearms
  1591 | D:2      | Reached skill level 1 in Staves
  1591 | D:2      | Reached skill level 1 in Slings
  1591 | D:2      | Reached skill level 1 in Bows
  1591 | D:2      | Reached skill level 1 in Crossbows
  1591 | D:2      | Reached skill level 1 in Armour
  1591 | D:2      | Reached skill level 1 in Shields
  1591 | D:2      | Reached skill level 1 in Unarmed Combat
  1591 | D:2      | Reached XP level 4. HP: 27/32 MP: 2/8
  1755 | D:2      | Found a blossoming altar of Fedhas.
  1788 | D:2      | Noticed Sigmund
  2112 | D:3      | Noticed an ogre
  2123 | D:3      | Killed an ogre
  2123 | D:3      | Reached skill level 1 in Conjurations
  2123 | D:3      | Reached skill level 1 in Hexes
  2123 | D:3      | Reached skill level 1 in Summonings
  2123 | D:3      | Reached skill level 1 in Necromancy
  2123 | D:3      | Reached skill level 1 in Translocations
  2123 | D:3      | Reached skill level 1 in Transmutations
  2123 | D:3      | Reached skill level 1 in Fire Magic
  2123 | D:3      | Reached skill level 1 in Ice Magic
  2123 | D:3      | Reached skill level 1 in Air Magic
  2123 | D:3      | Reached skill level 1 in Earth Magic
  2123 | D:3      | Reached XP level 5. HP: 37/37 MP: 3/9
  2277 | D:3      | Found a hazy altar of Hepliaklqana.
  2277 | D:3      | Found a shimmering altar of Xom.
  2282 | D:3      | Found a faded altar of an unknown god.
  2284 | D:3      | Found a faded altar of an unknown god.
  2286 | D:3      | Found a shimmering blue altar of Sif Muna.
  3053 | D:2      | Found a stormy altar of Qazlal.
  3081 | D:2      | Killed Sigmund
  3081 | D:2      | Reached skill level 5 in Dodging
  3081 | D:2      | Reached skill level 2 in Invocations
  3081 | D:2      | Reached XP level 6. HP: 23/44 MP: 1/11
  3687 | D:4      | Learned a level 4 spell: Olgreb's Toxic Radiance
  3691 | D:4      | Learned a level 3 spell: Ignite Poison
  4457 | D:4      | Reached XP level 7. HP: 50/50 MP: 5/12
  4516 | D:4      | Got an ichor-stained hand axe
  4517 | D:4      | Identified the +9 hand axe "Emohowi" {protect, Dex+4} (You
                  | found it on level 4 of the Dungeon)
  4591 | D:4      | Noticed Menkaure
  4607 | D:4      | Killed Menkaure
  4717 | D:4      | Found a sacrificial altar of Ru.
  4730 | D:5      | Entered Level 5 of the Dungeon
  4928 | D:5      | Found a burning altar of Makhleb.
  4965 | D:5      | Reached skill level 3 in Invocations
  5202 | D:5      | Reached XP level 8. HP: 57/57 MP: 7/14
  5261 | D:5      | Found a staircase to the Ecumenical Temple.
  5269 | Temple   | Entered the Ecumenical Temple
  5310 | Temple   | Became a worshipper of Gozag Ym Sagoz the Greedy
  5394 | D:5      | Found Laezurra's General Store.
  6756 | D:6      | Reached skill level 4 in Invocations
  6811 | D:6      | Reached XP level 9. HP: 42/65 MP: 2/16
  7316 | D:6      | Found a snail-covered altar of Cheibriados.
  7647 | D:7      | Reached skill level 5 in Spellcasting
  8046 | D:7      | Reached skill level 5 in Throwing
  8046 | D:7      | Reached skill level 5 in Evocations
  8051 | D:7      | Learned a level 3 spell: Mephitic Cloud
  8278 | D:7      | Found a radiant altar of Vehumet.
  8290 | D:7      | Reached skill level 5 in Stealth
  8464 | D:7      | Reached skill level 5 in Invocations
  8572 | D:7      | Found a shattered altar of Ashenzari.
  8839 | D:7      | Noticed Pikel
  8856 | D:7      | Killed Pikel
  8856 | D:7      | Reached XP level 10. HP: 73/73 MP: 2/18
  8993 | D:7      | You fall into a shaft and drop 2 floors!
  9135 | D:9      | Noticed a two-headed ogre
  9143 | D:9      | Killed a two-headed ogre
  9143 | D:9      | Reached skill level 5 in Fighting
  9143 | D:9      | Reached skill level 5 in Short Blades
  9143 | D:9      | Reached skill level 5 in Long Blades
  9143 | D:9      | Reached skill level 5 in Axes
  9143 | D:9      | Reached skill level 5 in Maces & Flails
  9143 | D:9      | Reached skill level 5 in Polearms
  9143 | D:9      | Reached skill level 5 in Staves
  9143 | D:9      | Reached skill level 5 in Slings
  9143 | D:9      | Reached skill level 5 in Bows
  9143 | D:9      | Reached skill level 5 in Crossbows
  9143 | D:9      | Reached skill level 5 in Armour
  9143 | D:9      | Reached skill level 5 in Shields
  9143 | D:9      | Reached skill level 5 in Unarmed Combat
  9963 | D:9      | Found a roughly hewn altar of Beogh.
 10532 | D:9      | Found a bloodstained altar of Trog.
 10591 | D:10     | Entered Level 10 of the Dungeon
 10952 | D:10     | Reached skill level 6 in Invocations
 11656 | D:10     | Learned a level 4 spell: Airstrike
 11705 | D:11     | Killed an unseen horror
 11705 | D:11     | Reached XP level 11. HP: 48/81 MP: 10/20
 12102 | D:11     | Reached skill level 5 in Conjurations
 12102 | D:11     | Reached skill level 5 in Hexes
 12102 | D:11     | Reached skill level 5 in Summonings
 12102 | D:11     | Reached skill level 5 in Necromancy
 12102 | D:11     | Reached skill level 5 in Translocations
 12102 | D:11     | Reached skill level 5 in Transmutations
 12102 | D:11     | Reached skill level 5 in Fire Magic
 12102 | D:11     | Reached skill level 5 in Ice Magic
 12102 | D:11     | Reached skill level 5 in Air Magic
 12102 | D:11     | Reached skill level 5 in Earth Magic
 12281 | D:11     | Found a staircase to the Lair.
 12644 | D:11     | Noticed a death knight
 12657 | D:11     | Killed a death knight
 13180 | D:11     | You fall into a shaft and drop 1 floor!
 13261 | D:12     | Noticed a cyan ugly thing
 13283 | D:12     | Killed a cyan ugly thing
 13283 | D:12     | Reached skill level 7 in Invocations
 13688 | D:12     | Noticed a fire dragon
 14003 | D:12     | Noticed a cyclops
 14015 | D:12     | Killed a cyclops
 14162 | D:12     | Killed an unseen horror
 14571 | D:12     | Found a staircase to the Orcish Mines.
 15025 | D:11     | Got a pair of slimy gloves
 15026 | D:11     | Identified the +1 pair of gloves of the Bulwark {Dex+6}
                  | (You found it on level 11 of the Dungeon)
 15544 | D:8      | Reached XP level 12. HP: 89/89 MP: 19/23
 15718 | D:8      | Found a roughly hewn altar of Beogh.
 16344 | Lair:1   | Entered Level 1 of the Lair of Beasts
 16361 | Lair:1   | Noticed a seven-headed hydra
 16416 | Orc:1    | Entered Level 1 of the Orcish Mines
 16917 | D:5      | Bought a scroll of acquirement for 676 gold pieces
 16917 | D:5      | Acquired the ring "Bicleug" {+Inv MR- MP+9 Str+3 Stlth+}
 16919 | D:5      | Acquired the ring "Amecwut" {rF+ rC+ Str+4 Dex+3}
 17081 | Orc:2    | Entered Level 2 of the Orcish Mines
 17081 | Orc:2    | Found a bloodstained altar of Trog.
 17408 | Orc:2    | Noticed a two-headed ogre
 17408 | Orc:2    | Noticed a two-headed ogre
 17408 | Orc:2    | Noticed a two-headed ogre
 17409 | Orc:2    | Noticed a two-headed ogre
 17415 | Orc:2    | Killed a two-headed ogre
 17416 | Orc:2    | Killed a two-headed ogre
 17476 | Orc:2    | Noticed a two-headed ogre
 17497 | Orc:2    | Killed a two-headed ogre
 17497 | Orc:2    | Reached skill level 8 in Invocations
 17592 | Orc:2    | Noticed an ogre mage
 17597 | Orc:2    | Killed an ogre mage
 17639 | Orc:2    | Noticed a two-headed ogre
 17666 | Orc:2    | Killed a two-headed ogre
 17810 | Orc:2    | Noticed an ogre mage
 17829 | Orc:1    | Killed a two-headed ogre
 18109 | Orc:2    | Killed a two-headed ogre
 18109 | Orc:2    | Noticed a two-headed ogre
 18231 | Orc:1    | Killed a two-headed ogre
 18327 | Orc:2    | Killed an ogre mage
 18337 | Orc:2    | Noticed a two-headed ogre
 18465 | Orc:2    | Killed a two-headed ogre
 18569 | Orc:2    | Noticed an ogre mage
 18574 | Orc:2    | Killed an ogre mage
 18574 | Orc:2    | Reached XP level 13. HP: 98/98 MP: 7/25
 18766 | Orc:2    | Found a staircase to the Elven Halls.
 19317 | Orc:2    | Reached skill level 9 in Invocations
 19768 | Orc:2    | Found Urhar's Magic Scroll Shop.
 19768 | Orc:2    | Found Kugoq's Jewellery Emporium.
 19769 | Orc:2    | Found Galiod's Distillery.
 19769 | Orc:2    | Found Uniovet's Magic Scroll Boutique.
 19776 | Orc:2    | Bought a scroll of teleportation for 42 gold pieces
 19776 | Orc:2    | Bought a scroll of fear for 49 gold pieces
 19776 | Orc:2    | Bought a scroll of fear for 49 gold pieces
 19776 | Orc:2    | Bought a scroll of blinking for 105 gold pieces
 19776 | Orc:2    | Bought a scroll of enchant armour for 105 gold pieces
 19776 | Orc:2    | Bought a scroll of identify for 28 gold pieces
 19776 | Orc:2    | Bought a scroll of identify for 28 gold pieces
 19776 | Orc:2    | Bought a scroll of vulnerability for 105 gold pieces
 19776 | Orc:2    | Bought a scroll of enchant weapon for 105 gold pieces
 19777 | Orc:2    | Bought a potion of lignification for 48 gold pieces
 19778 | Orc:2    | Bought a scroll of amnesia for 63 gold pieces
 19778 | Orc:2    | Bought a scroll of summoning for 171 gold pieces
 19778 | Orc:2    | Bought a scroll of random uselessness for 18 gold pieces
 19780 | Orc:2    | Bought a cursed ring of teleportation for 72 gold pieces
 19781 | Orc:2    | Bought the ring "Jeachanau" {rElec AC+4 Dex+8} for 1068
                  | gold pieces
 20086 | Orc:1    | Paralysed by an orc sorcerer for 3 turns
 20089 | Orc:1    | Reached skill level 10 in Poison Magic
 21267 | Lair:1   | Got an ichor-stained dagger
 21268 | Lair:1   | Identified the +8 dagger of Madobb {drain, Fragile +Fly rF+
                  | Str+3} (You found it on level 1 of the Lair of Beasts)
 21341 | Lair:2   | Found a dark tunnel.
 21378 | Volcano  | Entered a volcano
 21784 | Volcano  | Found a burning altar of Makhleb.
 22607 | Lair:2   | Noticed Sonja
 22614 | Lair:2   | Killed Sonja
 23304 | Lair:2   | Reached XP level 14. HP: 103/106 MP: 24/27
 23844 | Lair:3   | Reached skill level 10 in Dodging
 24328 | Lair:3   | Got a masterwork rapier
 24329 | Lair:3   | Identified the cursed +2 rapier "Hellblazer" {drain, Int-5
                  | Dex+3} (You found it on level 3 of the Lair of Beasts)
 24842 | Lair:3   | Found a staircase to the Swamp.
 25047 | Lair:3   | Found a runed translucent gate.
 25047 | Lair:3   | Found a runed translucent gate.
 25048 | Lair:3   | Found a runed translucent gate.
 25063 | Lair:3   | Noticed Tised's ghost (journeyman DsBr)
 25068 | Lair:3   | Learned a level 3 spell: Frozen Ramparts
 25361 | Lair:4   | Found a hole to the Spider Nest.
 25922 | Lair:4   | Got a masterwork mace
 25925 | Lair:4   | Identified the cursed +0 mace "Zas Zooj Hask" {protect,
                  | rPois MR+ Int+5} (You found it on level 4 of the Lair of
                  | Beasts)
 26125 | Lair:4   | Reached skill level 10 in Invocations
 26672 | Lair:5   | Noticed Rupert
 26673 | Lair:5   | Paralysed by Rupert for 7 turns
 27277 | D:12     | Found a portal to a secret trove of treasure.
 29064 | D:13     | Reached skill level 10 in Spellcasting
 29226 | D:13     | Acquired 2210 gold pieces
 29236 | D:13     | Bought a pair of masterwork boots for 256 gold pieces
 29236 | D:13     | Bought the +1 cloak of Starlight {rElec rC+ EV+4 Stlth--}
                  | for 1201 gold pieces
 29236 | D:13     | Found the +1 cloak of Starlight {rElec rC+ EV+4 Stlth--}
 29236 | D:13     | Bought a smoking buckler for 256 gold pieces
 29236 | D:13     | Identified the cursed +0 pair of boots of the Beginning
                  | {rCorr Slay+2} (You bought it in a shop on level 13 of the
                  | Dungeon)
 29336 | D:13     | Found Vostrise's Weapon Shoppe.
 29425 | D:13     | Reached skill level 10 in Throwing
 29425 | D:13     | Reached skill level 10 in Evocations
 29543 | D:13     | Reached skill level 10 in Stealth
 29543 | D:13     | Reached XP level 15. HP: 106/114 MP: 8/29
 29716 | D:13     | Found a gate to the Vaults.
 30148 | D:14     | Noticed Snorg
 30211 | D:13     | Identified the +3 buckler "Sitez" {rC++} (You bought it in
                  | a shop on level 13 of the Dungeon)
 30369 | D:14     | Found a sparkling altar of Nemelex Xobeh.
 30766 | D:14     | Killed Snorg
 31827 | D:14     | Reached skill level 10 in Fighting
 31827 | D:14     | Reached skill level 10 in Short Blades
 31827 | D:14     | Reached skill level 10 in Long Blades
 31827 | D:14     | Reached skill level 10 in Axes
 31827 | D:14     | Reached skill level 10 in Maces & Flails
 31827 | D:14     | Reached skill level 10 in Polearms
 31827 | D:14     | Reached skill level 10 in Staves
 31827 | D:14     | Reached skill level 10 in Slings
 31827 | D:14     | Reached skill level 10 in Bows
 31827 | D:14     | Reached skill level 10 in Crossbows
 31827 | D:14     | Reached skill level 10 in Armour
 31827 | D:14     | Reached skill level 10 in Shields
 31827 | D:14     | Reached skill level 10 in Unarmed Combat
 31836 | D:15     | Entered Level 15 of the Dungeon
 32700 | D:15     | Found a staircase to the Depths.
 33127 | Lair:6   | Entered Level 6 of the Lair of Beasts
 33231 | Lair:5   | Paralysed by Rupert for 7 turns
 33244 | Lair:5   | Killed Rupert
 33244 | Lair:5   | Reached skill level 11 in Invocations
 34402 | Lair:6   | Found a staircase to the Slime Pits.
 34890 | Lair:6   | Reached XP level 16. HP: 122/122 MP: 20/30
 35157 | Lair:6   | Got a smoking tin ring
 35158 | Lair:6   | Identified the ring "Jyhett" {Ice rElec} (You found it on
                  | level 6 of the Lair of Beasts)
 36270 | Swamp:1  | Entered Level 1 of the Swamp
 36601 | Swamp:1  | Identified the Almanac of Dislocated Envenoming
 36636 | Swamp:1  | Noticed Louise
 37097 | Swamp:1  | Learned a level 5 spell: Lightning Bolt
 37323 | Swamp:1  | Killed Louise
 37863 | Swamp:2  | Identified Roxanne's Volume of Shape Shifting
 37863 | Swamp:2  | Noticed Roxanne
 38196 | Swamp:2  | Noticed a thorn hunter
 38209 | Swamp:2  | Killed a thorn hunter
 38411 | Swamp:2  | Paralysed by a hornet for 3 turns
 39331 | Swamp:2  | Killed Roxanne
 39674 | Swamp:3  | Reached skill level 12 in Invocations
 40453 | Swamp:3  | Found a runed translucent door.
 40453 | Swamp:3  | Noticed Faethron's ghost (adept FoFi)
 40568 | Swamp:3  | Killed Faethron's ghost
 40568 | Swamp:3  | Reached XP level 17. HP: 83/131 MP: 10/32
 40742 | Swamp:3  | Identified Bucug's Handbook of Displacement and the Rocks
 41588 | Swamp:4  | Entered Level 4 of the Swamp
 42977 | Swamp:4  | Got a decaying rune of Zot
 43612 | Vaults:1 | Entered Level 1 of the Vaults
 43664 | Vaults:1 | Noticed Donald
 43678 | Vaults:1 | Killed Donald
 43678 | Vaults:1 | Reached skill level 10 in Conjurations
 43678 | Vaults:1 | Reached skill level 10 in Hexes
 43678 | Vaults:1 | Reached skill level 10 in Summonings
 43678 | Vaults:1 | Reached skill level 10 in Necromancy
 43678 | Vaults:1 | Reached skill level 10 in Translocations
 43678 | Vaults:1 | Reached skill level 10 in Transmutations
 43678 | Vaults:1 | Reached skill level 10 in Fire Magic
 43678 | Vaults:1 | Reached skill level 10 in Ice Magic
 43678 | Vaults:1 | Reached skill level 10 in Air Magic
 43678 | Vaults:1 | Reached skill level 10 in Earth Magic
 44062 | Vaults:1 | Noticed an Ice Fiend
 44191 | Vaults:1 | Reached XP level 18. HP: 140/140 MP: 23/34
 44662 | Vaults:1 | Reached skill level 13 in Invocations
 44998 | Vaults:1 | Found a large runed translucent door.
 44998 | Vaults:1 | Found a large runed translucent door.
 44998 | Vaults:1 | Found a large runed translucent door.
 44998 | Vaults:1 | Found a large runed translucent door.
 44998 | Vaults:1 | Found a large runed translucent door.
 44998 | Vaults:1 | Found a large runed translucent door.
 44998 | Vaults:1 | Noticed Norharag's ghost (adept HuBe)
 44999 | Vaults:1 | Found a large runed translucent door.
 44999 | Vaults:1 | Found a large runed translucent door.
 46912 | Vaults:2 | Noticed an Ice Fiend
 47187 | Vaults:2 | Reached XP level 19. HP: 147/147 MP: 25/35
 47546 | Vaults:2 | Found a staircase to the Crypt.
 48178 | Vaults:2 | You fall into a shaft and drop 2 floors!
 48371 | Vaults:4 | Learned a level 2 spell: Blink
 49380 | Vaults:4 | Found a roughly hewn altar of Beogh.
 49387 | Vaults:4 | Reached skill level 14 in Invocations
 50123 | Vaults:3 | Noticed Saint Roka
 50149 | Vaults:3 | Killed Saint Roka
 50506 | Vaults:3 | Reached XP level 20. HP: 150/156 MP: 37/37
 50681 | Vaults:3 | Found a runed translucent gate.
 50681 | Vaults:3 | Found a runed translucent gate.
 50681 | Vaults:3 | Found a runed translucent gate.
 50683 | Vaults:3 | Noticed Vileos's ghost (adept DsGl)
 51197 | Vaults:3 | Paralysed by a hornet for 2 turns
 52676 | Vaults:3 | Noticed a Tzitzimitl
 52935 | Vaults:3 | Noticed a lich
 52955 | Vaults:3 | Killed a lich
 53627 | Vaults:3 | Found an iron altar of Okawaru.
 53668 | Vaults:3 | Killed Vileos's ghost
 53681 | Vaults:3 | Got a faintly humming tower shield
 53683 | Vaults:3 | Identified the cursed +0 tower shield "Lyuskong" {rC+ MR+
                  | Regen+ Stlth+} (You found it on level 3 of the Vaults)
 53915 | Vaults:1 | Killed Norharag's ghost
 54159 | Lair:3   | Killed Tised's ghost
 54585 | Vaults:5 | Entered Level 5 of the Vaults
 54590 | Vaults:5 | Reached XP level 21. HP: 164/164 MP: 24/38
 54609 | Vaults:5 | Reached skill level 15 in Invocations
 54689 | Vaults:5 | Paralysed by a great orb of eyes for 4 turns
 54764 | Vaults:5 | Noticed a golden dragon
 54795 | Vaults:5 | Killed a golden dragon
 55283 | Vaults:5 | Identified the +8 morningstar of Qiduteputa {freeze, Int+4}
 55642 | Vaults:5 | Reached XP level 22. HP: 99/172 MP: 0/40
 55712 | Vaults:5 | Identified the cursed +0 arbalest of the Enchanted Forest
                  | {vorpal, +Fly MR+++ Int-4 Dex-5}
 55752 | Vaults:5 | Reached skill level 15 in Dodging
 56451 | Vaults:5 | Identified the Incunabulum of Igneous Ice
 56474 | Vaults:5 | Identified Sif Muna's Disquisition on the Compass and the
                  | Volcanoes
 56487 | Vaults:5 | Got a silver rune of Zot
 56514 | Vaults:5 | Noticed a golden dragon
 56529 | Vaults:5 | Killed a golden dragon
 56533 | Vaults:5 | Noticed a golden dragon
 56550 | Vaults:5 | Killed a golden dragon
 57560 | Vaults:5 | Learned a level 5 spell: Metabolic Englaciation
 57971 | Spider:1 | Entered Level 1 of the Spider Nest
 58242 | Spider:1 | Learned a level 6 spell: Ozocubu's Refrigeration
 58973 | Spider:2 | Noticed Arachne
 59010 | Spider:2 | Killed Arachne
 59798 | Spider:1 | Noticed Nikola
 59808 | Spider:1 | Killed Nikola
 59808 | Spider:1 | Reached skill level 15 in Spellcasting
 60323 | Spider:1 | Reached skill level 15 in Throwing
 60323 | Spider:1 | Reached skill level 15 in Evocations
 60958 | Spider:3 | Reached skill level 15 in Stealth
 60997 | Spider:3 | Reached skill level 16 in Invocations
 62158 | Spider:4 | Entered Level 4 of the Spider Nest
 62442 | Spider:4 | Reached XP level 23. HP: 180/180 MP: 29/42
 62823 | Spider:4 | Paralysed by a hornet for 1 turns
 62846 | Spider:4 | Reached skill level 15 in Fighting
 62846 | Spider:4 | Reached skill level 15 in Short Blades
 62846 | Spider:4 | Reached skill level 15 in Long Blades
 62846 | Spider:4 | Reached skill level 15 in Axes
 62846 | Spider:4 | Reached skill level 15 in Maces & Flails
 62846 | Spider:4 | Reached skill level 15 in Polearms
 62846 | Spider:4 | Reached skill level 15 in Staves
 62846 | Spider:4 | Reached skill level 15 in Slings
 62846 | Spider:4 | Reached skill level 15 in Bows
 62846 | Spider:4 | Reached skill level 15 in Crossbows
 62846 | Spider:4 | Reached skill level 15 in Armour
 62846 | Spider:4 | Reached skill level 15 in Shields
 62846 | Spider:4 | Reached skill level 15 in Unarmed Combat
 63361 | Spider:4 | Got a gossamer rune of Zot
 63914 | Depths:1 | Entered Level 1 of the Depths
 63943 | Depths:1 | Found a gateway to Hell.
 64078 | Depths:1 | Noticed Aizul
 64091 | Depths:1 | Killed Aizul
 64348 | Depths:1 | Cast into level 2 of the Abyss (a wizard)
 64926 | Depths:1 | Escaped the Abyss
 65491 | Depths:1 | Identified the Catalogue of Distant Shores
 65529 | Depths:1 | Found a one-way gate to the infinite horrors of the Abyss.
 66648 | Depths:2 | Reached XP level 24. HP: 189/189 MP: 7/42
 67570 | Depths:2 | Found Lotemp's Armour Boutique.
 67578 | Depths:2 | Bought the +2 hood of the Assassin {Detection Stab+
                  | Stlth++} for 960 gold pieces
 67578 | Depths:2 | Found the +2 hood of the Assassin {Detection Stab+ Stlth++}
 68708 | Depths:3 | Reached skill level 17 in Invocations
 68824 | Depths:3 | Reached skill level 15 in Poison Magic
 69024 | Depths:3 | Paralysed by something for 7 turns
 69029 | Depths:3 | HP: 8/191 [fire giant/+1 great sword of flaming (2)]
 69029 | Depths:3 | Slain by a rakshasa

Illustrated notes

Levels and vault maps discovered:
D:1:      eino_arrival_cavern_a, layout_loops_cross
D:2:      layout_basic, fedhas_ov_isle_minmay, overflow_temple_1_default,
          roderic_lattice_a, grunt_ministairs_6, uniq_sigmund
D:3:      layout_basic, chequers_temple_overflow_minitemple
D:4:      layout_basic, kennysheep_mini, uniq_menkaure
D:5:      layout_loops_ring, minmay_temple_entry_junction, basic_altar,
          serial_shops, shop
D:6:      layout_basic, cheibrodos_worm_habitat, portal_sewer_entry_d
D:7:      layout_basic, vehumet_crystals, ashenzari_altar_1, uniq_pikel
D:8:      layout_basic, special_room [special_room_orc]
D:9:      layout_long_grid, marbit_many_paths, david_defended_altar_orc
D:10:     layout_basic
D:11:     layout_cave_pods, erik_lair_orcish_takeover
D:12:     minmay_stepped, layout_basic, erik_orc_4, nicolae_trove_entry_crystal
D:13:     layout_loops_corners, erik_vaults_2, serial_shops,
          nicolae_shop_statue_plus
D:14:     layout_stronghold, hangedman_decor_lopped,
          nemelex_xobeh_ov_fountains_minmay, uniq_snorg
D:15:     grunt_enter_depths_magical_seal, layout_basic, grunt_decor_fettered,
          minmay_misc_feat_tower
Temple:   nicolae_temple_hex_pool
Lair:1:   layout_roguey, grunt_megastairs_4
Lair:2:   layout_regular_city, nicolae_volcano_entry_batcave, uniq_sonja
Lair:3:   layout_chaotic_city, nicolae_swamp_entry_splash_gauntlet,
          ebering_ghost_rock_garden, lemuel_fruit_fields, grunt_megastairs_2,
          serial_bayou_shore_a
Lair:4:   lemuel_slime, layout_regular_city, nicolae_spider_entry_orb_guardian,
          chequers_serial_rivers_small_b, minmay_lair_oklob_items
Lair:5:   layout_regular_city, nicolae_lair_grove_arrangements,
          grunt_megastairs_3, uniq_rupert
Lair:6:   minmay_lair_end_enchanted_forest, layout_small_grid,
          minmay_slime_entry_oklob_open
Swamp:1:  layout_basic_swamp, evilmike_swamp_ruin_rubble_2, uniq_louise
Swamp:2:  layout_basic_swamp, evilmike_swamp_ruin_wall, swamp_pool2,
          uniq_roxanne
Swamp:3:  layout_basic_swamp, ebering_ghost_inner_flame, hangedman_swamp_lotus,
          swamp_pool1
Swamp:4:  swamp_icy, layout_basic_swamp
Spider:1: lemuel_spider_zombies, uniq_nikola
Spider:2: layout_spider_delve, uniq_arachne
Spider:3: layout_chambers, guppyfry_spider_mini_3
Spider:4: grunt_spider_rune_island
Orc:1:    layout_caves
Orc:2:    st_orc_ogre_mass, layout_caves, bloody_trog
Vaults:1: advil_vaults_ghost_lines, nicolae_vaults_twisting_passages,
          vaults_room_stairs_pillars, nicolae_vaults_network_s, v_misc_1,
          vaults_standard_mumra_lines, v_pattern_1, vaults_room_stairs_pillars,
          nicolae_vaults_network_square, vaults_dpeg_encased_lava,
          grunt_vaults_bifocal, layout_vaults_big_cross, uniq_donald
Vaults:2: nicolae_vaults_circle_grid_a, minmay_crypt_entry_simple_round,
          nicolae_vaults_minivaults, v_rooms_5, ontoclasm_vaults_fault,
          nicolae_vaults_diagonal_hallway_6, v_misc_26,
          vaults_room_grunt_arrival_checkpoint, nicolae_vaults_little_squares_3,
          layout_vaults_omnigrid
Vaults:3: gammafunk_vaults_ghost_fury_of_okawaru, vaults_mumra_minichess,
          hangedman_vaults_nails, dpeg_vaults_pockets_of_resistance,
          vaults_mumra_chevron_long, v_pattern_2, vaults_room_door_ring,
          layout_vaults_chaotic_city, uniq_saint_roka
Vaults:4: v_misc_13, v_misc_32, v_misc_1,
          vaults_standard_mumra_enter_the_diamond, v_misc_3, vaults_dpeg_spiral,
          v_misc_19, vaults_room_door_ring, special_room_vaults
          [special_room_orc], v_misc_11, hangedman_vaults_stretched_pinwheel,
          nicolae_vaults_yaktaur_gun_rack, layout_vaults_omnibox
Vaults:5
Depths:1: layout_cross, hell_entry, minmay_room_of_horrors,
          hangedman_research_pyrotechnics, uniq_aizul
Depths:2: kennysheep_ogre_elephant_herders, layout_cave_pools,
          pf_vacation_house_of_asmodeus, chequers_serial_rivers_micro_b,
          abyss_entry, serial_shops, shop, kennysheep_diamond,
          infiniplex_staircase_pool_lava
Depths:3: minmay_the_grid_triangle_9x9_rhombus_full
          [minmay_the_grid_triangle_9x9_stretched_checkered,
          minmay_the_grid_triangle_9x9_zippers_vertical,
          minmay_the_grid_triangle_9x9_from_above,
          minmay_the_grid_triangle_9x9_minimal,
          minmay_the_grid_triangle_9x9_descending_squares,
          minmay_the_grid_triangle_9x9_swiss_cheese,
          minmay_the_grid_triangle_9x9_alien,
          minmay_the_grid_triangle_9x9_prize_insulated], layout_cave_shapes,
          serial_rivers, chequers_serial_rivers_large_b,
          chequers_serial_rivers_micro_d, chequers_serial_rivers_micro_b,
          chequers_serial_rivers_small_3, chequers_serial_rivers_small_b,
          grunt_pan_entry_spiral, hell_entry, onia_ninara_cookie,
          infiniplex_staircase_zigzag_5

Skill      XL: |  1  2  3  4  5  6  7  8  9 10 11 12 13 14 15 16 17 18 19 20 21 22 23 24 |
---------------+-------------------------------------------------------------------------+-----
Invocations    | 1 2 3 4 5 6 7 8 9 10 11 12 13 14 15 16 17 | 17.0
Fighting       | 1 2 3 4 5 6 7 8 9 10 11 12 13 14 15 | 15.8
Short Blades   | 1 2 3 4 5 6 7 8 9 10 11 12 13 14 15 | 15.8
Long Blades    | 1 2 3 4 5 6 7 8 9 10 11 12 13 14 15 | 15.8
Axes           | 1 2 3 4 5 6 7 8 9 10 11 12 13 14 15 | 15.8
Maces & Flails | 1 2 3 4 5 6 7 8 9 10 11 12 13 14 15 | 15.8
Polearms       | 1 2 3 4 5 6 7 8 9 10 11 12 13 14 15 | 15.8
Staves         | 1 2 3 4 5 6 7 8 9 10 11 12 13 14 15 | 15.8
Slings         | 1 2 3 4 5 6 7 8 9 10 11 12 13 14 15 | 15.8
Bows           | 1 2 3 4 5 6 7 8 9 10 11 12 13 14 15 | 15.8
Crossbows      | 1 2 3 4 5 6 7 8 9 10 11 12 13 14 15 | 15.8
Armour         | 1 2 3 4 5 6 7 8 9 10 11 12 13 14 15 | 15.8
Shields        | 1 2 3 4 5 6 7 8 9 10 11 12 13 14 15 | 15.8
Unarmed Combat | 1 2 3 4 5 6 7 8 9 10 11 12 13 14 15 | 15.8
Throwing       | 3 4 5 6 7 8 9 10 11 12 13 14 15 16 | 16.0
Spellcasting   | 3 4 5 6 7 8 9 10 11 12 13 14 15 16 | 16.0
Conjurations   | 1 2 3 4 5 6 7 8 9 10 11 12 13 | 13.6
Hexes          | 1 2 3 4 5 6 7 8 9 10 11 12 13 | 13.6
Summonings     | 1 2 3 4 5 6 7 8 9 10 11 12 13 | 13.6
Necromancy     | 1 2 3 4 5 6 7 8 9 10 11 12 13 | 13.6
Translocations | 1 2 3 4 5 6 7 8 9 10 11 12 13 | 13.6
Transmutations | 1 2 3 4 5 6 7 8 9 10 11 12 13 | 13.6
Fire Magic     | 1 2 3 4 5 6 7 8 9 10 11 12 13 | 13.6
Ice Magic      | 1 2 3 4 5 6 7 8 9 10 11 12 13 | 13.6
Air Magic      | 1 2 3 4 5 6 7 8 9 10 11 12 13 | 13.6
Earth Magic    | 1 2 3 4 5 6 7 8 9 10 11 12 13 | 13.6
Evocations     | 3 4 5 6 7 8 9 10 11 12 13 14 15 16 | 16.0
Dodging        | 5 6 7 8 9 10 11 12 13 14 15 16 | 16.3
Stealth        | 3 4 5 6 7 8 9 10 11 12 13 14 15 16 | 16.0
Poison Magic   | 8 9 10 11 12 13 14 15 | 15.0

Action                   |  1- 3 |  4- 6 |  7- 9 | 10-12 | 13-15 | 16-18 | 19-21 | 22-24 || total
-------------------------+-------+-------+-------+-------+-------+-------+-------+-------++-------
Melee: Dagger            |    33 |    26 |       |       |       |       |       |       ||    59
       Bite              |     4 |     3 |    20 |    44 |   218 |   339 |   243 |   327 ||  1198
       Rapier            |       |    17 |       |       |       |       |       |       ||    17
       Hand axe          |       |       |   169 |   276 |   891 |  1370 |   821 |   128 ||  3655
       Punch             |       |       |     2 |     8 |    34 |       |       |       ||    44
       Morningstar       |       |       |       |       |       |       |    57 |  1123 ||  1180
Throw: Javelin           |       |       |       |       |     2 |     2 |     2 |    11 ||    17
 Cast: Sting             |    47 |    18 |     3 |     4 |       |       |       |       ||    72
       Poisonous Vapours |       |    27 |    10 |     5 |     2 |       |       |       ||    44
       Olgreb's Toxic Ra |       |       |    35 |    91 |   128 |    69 |    75 |    62 ||   460
       Ignite Poison     |       |       |     2 |    52 |    70 |    48 |    73 |    20 ||   265
       Mephitic Cloud    |       |       |       |    19 |    20 |    25 |    19 |     2 ||    85
       Airstrike         |       |       |       |    20 |    59 |   108 |    36 |    21 ||   244
       Frozen Ramparts   |       |       |       |       |    11 |    17 |    36 |    44 ||   108
       Lightning Bolt    |       |       |       |       |       |     8 |     6 |     4 ||    18
       Ozocubu's Refrige |       |       |       |       |       |       |       |    77 ||    77
       Metabolic Englaci |       |       |       |       |       |       |       |     5 ||     5
Invok: Call Merchant     |       |       |       |       |     2 |       |       |       ||     2
       Potion Petition   |       |       |       |       |       |     2 |     2 |     4 ||     8
Evoke: Wand              |       |     2 |     3 |     8 |     6 |     5 |       |    10 ||    34
  Use: Scroll            |       |       |     7 |     6 |    25 |     4 |     1 |     5 ||    48
       Potion            |       |       |       |     1 |       |       |       |     1 ||     2
 Stab: Sleeping          |     2 |     4 |     3 |    10 |    17 |     4 |     3 |     9 ||    52
       Paralysed         |       |       |     4 |       |       |       |       |       ||     4
       Distracted        |       |       |     2 |     4 |     7 |    14 |    18 |    27 ||    72
       Confused          |       |       |       |       |     2 |     5 |       |     1 ||     8
       Petrified         |       |       |       |       |     6 |       |       |       ||     6
       Held in net/web   |       |       |       |       |       |       |       |     4 ||     4
Armor: Robe              |     4 |     9 |    25 |       |       |       |       |       ||    38
       Leather armour    |       |       |       |    69 |    67 |       |       |       ||   136
       Pearl dragon scal |       |       |       |       |    98 |   356 |   204 |   376 ||  1034
Dodge: Dodged            |    31 |    35 |   137 |   268 |   647 |   961 |   500 |   961 ||  3540
Block: Kite shield       |       |       |       |       |   100 |       |       |       ||   100
       Buckler           |       |       |       |       |   204 |   758 |   468 |  1084 ||  2514
       Reflection        |       |       |       |       |       |       |    21 |    28 ||    49

Table legend: (Time is in decaauts)
 A = Elapsed time spent in this place.
 B = Non-inter-level travel time spent in this place.
 C = Inter-level travel time spent in this place.
 D = Time resting spent in this place.
 E = Time spent auto-exploring this place.
 F = Levels seen in this place.
 G = Mean time per level.
                   A        B        C        D        E       F      G
               +--------+--------+--------+--------+--------+-----+--------+
         Total |  68300 |  64006 |   4294 |   3761 |  48349 |  42 | 1626.2 |
       Dungeon |  23595 |  21316 |   2279 |   1144 |  16975 |  15 | 1573.0 |
        Temple |     54 |     41 |     13 |      0 |     28 |   1 |   54.0 |
          Lair |   8831 |   8147 |    684 |    168 |   6663 |   6 | 1471.8 |
         Swamp |   7192 |   7050 |    142 |    453 |   5204 |   4 | 1798.0 |
   Spider Nest |   5599 |   5391 |    208 |     29 |   4343 |   4 | 1399.8 |
  Orcish Mines |   3611 |   3460 |    151 |    535 |   2275 |   2 | 1805.5 |
        Vaults |  13333 |  12593 |    740 |    754 |   9089 |   5 | 2666.6 |
        Depths |   4416 |   4342 |     74 |    678 |   2664 |   3 | 1472.0 |
         Abyss |    551 |    551 |      0 |      0 |    284 |   1 |  551.0 |
       Volcano |   1115 |   1115 |      0 |      0 |    822 |   1 | 1115.0 |
               +--------+--------+--------+--------+--------+-----+--------+

Top non-repeatable levels by time:
    D:12: 3301 daAuts
Vaults:3: 3266 daAuts
Vaults:5: 2902 daAuts
Vaults:2: 2676 daAuts
Vaults:1: 2601 daAuts
  Lair:6: 2419 daAuts
   Orc:2: 2335 daAuts
    D:13: 2319 daAuts
    D:11: 2281 daAuts
     D:6: 2092 daAuts
 Swamp:3: 1934 daAuts
     D:9: 1888 daAuts
Vaults:4: 1886 daAuts
 Swamp:2: 1843 daAuts
 Swamp:4: 1800 daAuts
